Map: Torres Crepusculares

Players

Predator

  • Race: Zerg Zerg
  • League: Master

eduba - Winner!

  • Race: Terran Terran
  • League: Master

VOD

Have the link to the VOD?

Description

Time

  • Played on: April 7, 2016, 8:49 a.m.
  • Length: 9:14
Show
View Real Time Build Order
Export as new Build Order

Predator Zerg 

Build Orders: Hatch First 

Get SALT Encoding   

  12  0:01  Drone  
  13  0:12  Overlord  
  13  0:17  Drone  
  14  0:30  Drone x2  
  14  0:34  Drone  
  17  0:54  Drone  
  17  0:55  Hatchery  
  17  1:08  Spawning Pool  
  17  1:10  Drone  
  17  1:15  Drone  
  17  1:17  Drone  
  19  1:27  Extractor  
  19  1:28  Drone  
  19  1:46  Drone  
  20  1:50  Hatchery  
  19  1:55  Queen  
  19  1:58  Zergling x2  
  22  2:05  Overlord  
  22  2:10  Extractor, Zergling x2  
  23  2:39  Drone x5  
  23  2:40  Drone  
  29  2:45  Queen  
  29  2:50  Metabolic Boost  
  31  3:04  Overlord  
  32  3:05  Drone x2  
  32  3:06  Drone  
  34  3:21  Queen, Overlord  
  36  3:27  Drone x5  
  36  3:28  Drone  
  42  3:39  Drone  
  42  3:40  Baneling Nest  
  42  3:41  Overlord  
  42  3:49  Spine Crawler  
  42  3:52  Drone x4  
  42  3:53  Drone  
  46  3:55  Extractor  
  46  3:57  Drone  
  46  4:02  Drone, Zergling x4  
  49  4:03  Zergling x2  
  49  4:04  Zergling x2  
  49  4:07  Drone  
  49  4:08  Drone  
  53  4:11  Drone  
  53  4:14  Drone  
  53  4:15  Drone x2  
  53  4:16  Drone  
  58  4:22  Evolution Chamber, Lair  
  57  4:29  Overlord x2  
  57  4:32  Extractor x2  
  55  4:39  Baneling x3  
  55  4:42  Overlord  
  55  4:48  Zergling x6  
  55  4:49  Zergling x12  
  55  4:51  Baneling x2  
  64  4:53  Drone, Zergling x2  
  66  5:01  Zerg Ground Armor Level 1  
  66  5:05  Drone x3  
  66  5:06  Drone  
  70  5:14  Drone x4  
  71  5:38  Drone x2  
  71  5:39  Drone x2  
  71  5:40  Overlord x2  
  71  5:42  Extractor x2  
  72  5:46  Drone x2  
  73  5:51  Extractor  
  73  5:52  Hatchery, Drone x2  
  73  5:55  Extractor  
  72  5:57  Spire  
  72  5:58  Centrifical Hooks  
  72  6:01  Drone  
  72  6:02  Drone x4  
  72  6:03  Drone x3  
  79  6:04  Queen  
  79  6:06  Overseer  
  79  6:08  Overseer  
  79  6:09  Drone, Zergling x2  
  83  6:16  Drone x5  
  89  6:18  Drone  
  89  6:31  Overlord  
  89  6:41  Overlord x3  
  89  6:45  Spore Crawler  
  89  6:46  Spine Crawler  
  82  6:55  Spore Crawler  
  68  7:14  Corruptor x3  
  68  7:15  Corruptor x4  
  80  7:32  Drone x3  
  80  7:33  Drone x2  
  80  7:34  Zergling x2  
  80  7:35  Zergling x6  
  89  7:44  Spore Crawler  
  88  8:01  Drone x2  
  88  8:02  Drone  
  85  8:20  Drone x2  
  85  8:21  Spore Crawler  
  85  8:23  Drone  
  79  8:30  Zergling x2  
  79  8:33  Zergling x2  
  81  8:38  Drone  
  81  8:39  Drone x2  
  85  8:41  Drone  
  85  8:46  Baneling  
  85  8:47  Baneling x7  
  85  8:48  Baneling x2  
  85  8:49  Baneling  
  85  8:50  Baneling x2  
  85  8:51  Baneling  
  85  8:52  Zergling x2  
  86  8:55  Drone, Zergling x2  
  86  8:57  Zergling x2  
Show
View Real Time Build Order
Export as new Build Order

eduba Terran - Winner!

Build Orders: Liberator Opening, Reaper Expand, MMM Bio 

Get SALT Encoding   

  12  0:00  SCV  
  13  0:13  SCV  
  14  0:18  Supply Depot  
  14  0:25  SCV  
  15  0:39  SCV  
  15  0:40  Barracks  
  16  0:44  Refinery  
  16  0:52  SCV  
  17  1:04  SCV  
  18  1:16  SCV  
  19  1:27  Reaper  
  19  1:28  Orbital Command  
  20  1:40  Command Center  
  20  1:46  Refinery  
  20  1:53  SCV  
  21  1:57  Supply Depot  
  21  2:01  Marine  
  22  2:10  Factory  
  22  2:11  SCV  
  23  2:23  SCV  
  23  2:29  Barracks Reactor  
  24  2:37  SCV  
  25  2:49  Barracks  
  25  3:04  SCV  
  25  3:05  Orbital Command  
  28  3:13  Hellion x2  
  30  3:20  SCV  
  30  3:23  Barracks Tech Lab  
  30  3:26  Starport  
  31  3:31  SCV  
  31  3:32  SCV  
  33  3:35  Hellion x2  
  33  3:38  Barracks Reactor  
  37  3:43  SCV  
  37  3:46  SCV  
  39  3:48  Barracks Tech Lab  
  39  3:57  Liberator  
  39  4:08  Marine, Barracks  
  39  4:09  Stimpack  
  40  4:11  Fusion Core  
  40  4:12  SCV  
  40  4:13  SCV  
  45  4:19  Marine  
  46  4:25  Supply Depot  
  46  4:33  Supply Depot  
  46  4:39  Liberator  
  46  4:47  Marine x3, SCV x2  
  51  4:59  SCV x2, Barracks  
  56  5:01  Supply Depot  
  56  5:03  Advanced Ballistics  
  56  5:05  Marine x5  
  61  5:11  SCV  
  61  5:12  Supply Depot  
  62  5:22  SCV  
  62  5:23  Marine x2  
  62  5:24  Liberator  
  62  5:38  Marine x2  
  62  5:39  Marine  
  62  5:44  SCV x2  
  62  5:46  Marine x2  
  62  5:47  Barracks Tech Lab  
  66  5:51  Supply Depot  
  66  5:52  Refinery  
  66  5:53  Refinery  
  66  5:56  Marine x2  
  68  5:59  Engineering Bay  
  68  6:00  Engineering Bay  
  68  6:03  Marine  
  68  6:04  Supply Depot  
  69  6:05  Command Center  
  69  6:08  Marine, Concussive Shells  
  69  6:09  Combat Shields  
  70  6:16  SCV x2  
  72  6:21  Supply Depot  
  72  6:29  Barracks  
  72  6:31  Marine  
  72  6:32  Marine x3  
  76  6:33  Starport Reactor  
  76  6:38  Terran Infantry Weapons Level 1  
  76  6:39  Terran Infantry Armor Level 1  
  76  6:43  Marine x2  
  78  6:55  Marine x2  
  78  6:56  Marine x2  
  78  7:00  SCV x2  
  84  7:04  Supply Depot  
  84  7:09  Marauder x2  
  84  7:13  Medivac, Armory  
  84  7:14  Medivac  
  92  7:16  Marine  
  92  7:17  Marine  
  92  7:22  Orbital Command  
  94  7:23  Marine  
  94  7:25  Marine  
  94  7:28  Marine  
  94  7:29  Marine  
  97  7:36  SCV  
  99  7:37  SCV  
  99  7:39  Marine x2  
  99  7:42  Medivac, Marine x2  
  106  7:44  Medivac, Marine  
  106  7:47  Marauder  
  106  7:50  Marauder  
  113  7:56  Orbital Command  
  113  7:57  Marine x2  
  115  8:00  Marine x2  
  115  8:02  Marine, SCV x2  
  117  8:08  Marine  
  117  8:10  Marine  
  119  8:14  Marine  
  119  8:15  Marine  
  119  8:17  Marine  
  119  8:18  Marauder  
  119  8:19  Marine  
  121  8:25  Supply Depot  
  121  8:26  Marauder  
  121  8:29  Marauder  
  121  8:32  Marine  
  121  8:33  Marine  
  125  8:35  Barracks  
  125  8:37  Supply Depot  
  125  8:38  Marine x2  
  125  8:40  Marauder  
  129  8:47  Marine  
  130  8:50  Marine x3  
  133  8:56  Marine  
Tags
 
Add a new tag
Caveats
  • Supply blocks, unpowered buildings, or Contaminate may cause inaccurate times.
  • Supply counts are checked every 10 seconds.